 Dungeon Crawl Stone Soup version 0.20.0-10-g0535bb4 (webtiles) character file.

170 miragecloak the Changer (level 5, -7/33 HPs)
             Began as an Octopode Transmuter on June 5, 2017.
             Was an Initiate of Ashenzari.
             Killed from afar by Natasha (9 damage)
             ... with a magic dart
             ... on level 3 of the Dungeon.
             The game lasted 00:04:45 (3344 turns).

miragecloak the Changer (Octopode Transmuter)       Turns: 3344, Time: 00:04:46

Health: -7/33      AC:  2    Str: 10    XL:     5   Next: 51%
Magic:  7/8        EV: 20    Int: 15    God:    Ashenzari [......]
Gold:   142        SH:  0    Dex: 18    Spells: 4/8 levels left

rFire    . . .     SeeInvis .     - Unarmed
rCold    . . .     Gourm    .   (shield currently unavailable)
rNeg     . . .     Faith    .   (helmet currently unavailable)
rPois    .         Spirit   .   (no amulet)
rElec    .         Reflect  .   e - ring of poison resistance (curse)
rCorr    .         Harm     .   (no ring)
MR       .....                  (no ring)
Stlth    ++........             (no ring)
Regen    0.2/turn               (no ring)
MPRegen  0.2/turn               (no ring)
                                (no ring)
                                (no ring)

@: spider-form (expiring)
A: almost no armour, stealthy swim, (amphibious), 8 rings, (constrict 8)
a: End Transformation, Curse Item, Renounce Religion


You were on level 3 of the Dungeon.
You worshipped Ashenzari.
Ashenzari was noncommittal.
You were not hungry.
You were a venomous arachnid creature.
You visited 1 branch of the dungeon, and saw 3 of its levels.

You collected 142 gold pieces.

Inventory:

Missiles
 a - 63 arrows
Jewellery
 e - a cursed ring of poison resistance (left front leg)
Wands
 q - a wand of polymorph (7/24)
Scrolls
 f - a scroll of remove curse
 g - a scroll of recharging {unknown}
 h - a scroll of blinking {unknown}
 i - a scroll of fear {unknown}
 j - a scroll of amnesia {unknown}
 m - a scroll of magic mapping {unknown}
 o - a scroll of immolation {unknown}
 p - a scroll of fog {unknown}
Potions
 d - 3 potions of heal wounds
 k - a potion of lignification {unknown}
 r - a potion of haste {unknown}
 s - a potion of agility {unknown}
Books
 b - a book of Changes

   Spells                             Type                      Level
   a - Beastly Appendage              Transmutation                1
   b - Sticks to Snakes               Transmutation                2
   c - Spider Form                    Transmutation/Poison         3
   d - Ice Form                       Ice/Transmutation            4
   e - Blade Hands                    Transmutation                5
Comestibles
 c - a bread ration
 l - a meat ration
 n - a royal jelly


   Skills:
 - Level 1.0 Fighting
 - Level 2.0 Dodging
 + Level 3.9 Unarmed Combat
 - Level 2.0 Spellcasting
 - Level 4.0 Transmutations
 - Level 3.1 Poison Magic


You had 4 spell levels left.
You knew the following spells:

 Your Spells              Type           Power        Failure   Level  Hunger
a - Beastly Appendage     Tmut           ##....       13%         1    #......
b - Spider Form           Tmut/Pois      ##........   34%         3    ###....


Dungeon Overview and Level Annotations

Branches:
Dungeon (3/15)

Altars:
Ashenzari

Annotations:
D:3 Natasha, Sigmund


Innate Abilities, Weirdness & Mutations

You cannot wear most types of armour.
You are very stealthy in the water. (Stealth+)
((You are amphibious.))
You can wear up to eight rings at the same time.
((You can use your tentacles to constrict eight enemies at once.))
((Your skin changes colour to match your surroundings (Stealth+).))
((Your rubbery body absorbs attacks. (AC +1, EV +1)))


Message History

Natasha claws you.
You hit Natasha.
Natasha is heavily wounded.
The crimson imp summons a swarm of flies.
The crimson imp misses you. Natasha claws you!
You barely miss Natasha.
Natasha is severely wounded.
The crimson imp misses you.
Natasha mumbles some strange words.
You feel disoriented. Natasha claws you!
* * * LOW HITPOINT WARNING * * *
You barely miss Natasha.
Natasha is almost dead.
The crimson imp misses you.
Natasha howls an incantation.
You feel disoriented.
Natasha stares at you and mumbles some strange words.
The magic dart hits you!
You die...

......#......##.
...
.....##.#.......'.
....
................#.
.....
......#.........#.
..................
.....####.....#...
........'.....'...
........#.....#...
........sh....'...
.).....5##....#...
........###+#$+..
###.....# ##
#.###.. #. #.# #
... #.# ...


You could see Natasha and a crimson imp.

Vanquished Creatures
  Terence (D:2)
  Natasha (twice) (D:3)
  2 gnolls (D:2)
  An adder (D:2)
  2 dart slugs (D:1)
  An orc (D:3)
  6 giant cockroaches
  15 goblins
  9 hobgoblins
  A jackal (D:3)
  A quokka (D:1)
  A ball python (D:1)
  5 bats
  3 frilled lizards
  5 kobolds
  7 rats
62 creatures vanquished.

Notes
Turn   | Place    | Note
-------+----------+-------------------------------------------
     0 | D:1      | miragecloak the Octopode Transmuter began the quest for the Orb.
     0 | D:1      | Reached XP level 1. HP: 13/13 MP: 3/3
   275 | D:1      | Reached XP level 2. HP: 12/18 MP: 1/5
   562 | D:1      | Reached skill level 3 in Transmutations
  1329 | D:2      | Reached XP level 3. HP: 19/23 MP: 6/6
  1507 | D:3      | Learned a level 3 spell: Spider Form
  1756 | D:3      | Reached skill level 1 in Poison Magic
  1760 | D:3      | Noticed Sigmund
  2098 | D:2      | Noticed Terence
  2104 | D:2      | Killed Terence
  2104 | D:2      | Reached XP level 4. HP: 27/28 MP: 4/7
  2445 | D:2      | Found a shattered altar of Ashenzari.
  2463 | D:2      | Reached skill level 4 in Transmutations
  2479 | D:2      | Became a worshipper of Ashenzari the Shackled
  3015 | D:3      | Reached XP level 5. HP: 33/33 MP: 6/8
  3067 | D:3      | Noticed Natasha
  3085 | D:3      | Killed Natasha
  3100 | D:3      | Noticed Natasha
  3107 | D:3      | Killed Natasha
  3325 | D:3      | Noticed Natasha
  3344 | D:3      | Killed from afar by Natasha

Skill      XL: |  1  2  3  4 |
---------------+-------------+-----
Transmutations | 3 4 |  4.0
Poison Magic   | 2 3 |  3.1
Fighting       | |  1.0
Dodging        | |  2.0
Unarmed Combat | |  3.9
Spellcasting   | |  2.0

Action                   |  1- 3 |  4- 6 || total
-------------------------+-------+-------++-------
Melee: Unarmed           |    92 |    88 ||   180
       Kick              |    16 |       ||    16
       Constrict         |    20 |       ||    20
       Tentacles         |     7 |       ||     7
       Punch             |     2 |       ||     2
 Cast: Beastly Appendage |    21 |       ||    21
       Spider Form       |     5 |    15 ||    20
Invok: Curse Item        |       |     1 ||     1
 Stab: Sleeping          |     4 |       ||     4
  Eat: Chunk             |     5 |     6 ||    11
Armor: Skin              |    11 |     5 ||    16
Dodge: Dodged            |    81 |    74 ||   155
